 Dungeon Crawl Stone Soup version 0.28-a0-268-g3f656e82c2 (webtiles) character file.

Game seed: 2186985365334383388

126 Colgate the Chucker (level 5, -1/50 HPs)
             Began as an Ogre Hunter on Aug 28, 2021.
             Was a Follower of Ashenzari.
             Slain by a gnoll (10 damage)
             ... on level 3 of the Dungeon.
             The game lasted 00:14:36 (2975 turns).

Colgate the Chucker (Ogre Hunter)                   Turns: 2975, Time: 00:14:37

Health: -1/50      AC:  3    Str: 16    XL:     5   Next: 9%
Magic:  5/5        EV: 10    Int: 12    God:    Ashenzari [*.....]
Gold:   74         SH:  0    Dex: 10    Spells: 4/4 levels left

rFire   x . .      SeeInvis .   a - +0 short sword
rCold   + . .      Faith    .   (no shield)
rNeg    . . .      Spirit   .   b - +0 robe of Ashenzari's Servitude {Cun, Bglg} (curse)
rPois   .          Reflect  .   (helmet restricted)
rElec   .          Harm     .   (no cloak)
rCorr   .          Rampage  .   (gloves unavailable)
Will    .....                   (boots unavailable)
Stlth   +.........              (no amulet)
HPRegen 0.16/turn               e - ring of the Elysian Augur {Ice, Bglg, Range} (curse)
MPRegen 0.09/turn               (no ring)

@: no status effects
A: large, unfitting armour, tough skin 1
a: Renounce Religion, Shatter the Chains


You were on level 3 of the Dungeon.
You worshipped Ashenzari.
Ashenzari was aware of your devotion.
You visited 1 branch of the dungeon, and saw 3 of its levels.

You collected 99 gold pieces.
You spent 25 gold pieces at shops.

Inventory:

Hand Weapons
 a - a +0 short sword (weapon)
Missiles
 c - 5 large rocks
 d - 2 throwing nets
 f - 61 stones (quivered)
Armour
 b - the cursed +0 robe of Ashenzari's Servitude (worn) {Cun, Bglg}

   It has a curse which improves the following skills: Cunning: Dodging and
   Stealth.
   Beguiling: Conjurations, Hexes and Translocations.
Jewellery
 e - the cursed ring of the Elysian Augur (left hand) {Ice, Bglg, Range}
   (You found it on level 1 of the Dungeon)

   [ring of ice]

   It enhances your ice magic.
   rF:        It makes you vulnerable to fire.
   rC:        It protects you from cold.
   It has a curse which improves the following skills: Beguiling: Conjurations,
   Hexes and Translocations.
   Ranged Combat: Slings, Bows, Crossbows and Throwing.
Scrolls
 g - a scroll of torment
 i - a scroll of blinking
 j - a scroll of enchant weapon
Potions
 h - 2 potions of curing
 k - a potion of mutation
 l - a potion of brilliance
 m - a potion of might


   Skills:
 - Level 2.6 Fighting
 + Level 6.2(7.2) Throwing
 - Level 1.7(2.5) Dodging
 - Level 0.6(1.1) Stealth


You had 4 spell levels left.
You didn't know any spells.
Your spell library was empty.

Dungeon Overview and Level Annotations

Branches:
Dungeon (3/15)

Altars:
Ashenzari

Shops:
D:1 *


Innate Abilities, Weirdness & Mutations

You are too large for most types of armour.
You have tough skin. (AC +1)


Message History

A kobold comes into view. It is wielding a +0 dagger.
The gnoll misses you.
A gnoll comes into view. It is wielding a +0 whip.
The kobold moves out of view.
The gnoll shouts!
You hit the gnoll.
The gnoll is moderately wounded.
The gnoll hits you with a +0 whip!
You hit the gnoll but do no damage.
The gnoll is moderately wounded.
The gnoll hits you with a +0 whip.
The kobold shouts!
You hit the gnoll.
The gnoll is heavily wounded.
The gnoll hits you with a +0 whip.
You hit the gnoll.
The gnoll is heavily wounded.
The gnoll hits you with a +0 whip!
You hit the gnoll but do no damage.
The gnoll is heavily wounded.
The gnoll hits you with a +0 whip! The gnoll barely misses you.
You hit the gnoll.
The gnoll is almost dead.
The gnoll hits you with a +0 whip.
You hit the gnoll.
You kill the gnoll!
You hit the gnoll.
The gnoll is lightly wounded.
The gnoll hits you with a +0 whip!
* * * LOW HITPOINT WARNING * * *
The gnoll barely misses you. The gnoll closely misses you.
You hit the gnoll.
The gnoll is moderately wounded.
The gnoll hits you with a +0 whip.
* * * LOW HITPOINT WARNING * * *
The gnoll barely misses you. The gnoll closely misses you.
You hit the gnoll.
The gnoll is moderately wounded.
The gnoll hits you with a +0 whip!
You die...

...( ..... ...... ##
....... #.. !......
#########.##g......
##.....#....g#......
##.........[@g.#...#.
#............K.......
#...............#..#
#...............# #
#...............#
#...............#
#....<..........#
##...........[.##
##.....#.....##


You could see 3 gnolls and a kobold.

Vanquished Creatures
  Jessica (D:2)
  A gnoll (D:3)
  4 adders (D:2)
  A dart slug (D:1)
  8 endoplasms
  5 giant cockroaches
  6 goblins
  3 hobgoblins
  2 kobolds (D:1)
  3 quokkas
  3 ball pythons
  6 bats
  4 frilled lizards
  4 rats
51 creatures vanquished.

Notes
Turn   | Place    | Note
-------+----------+-------------------------------------------
     0 | D:1      | Colgate the Ogre Hunter began the quest for the Orb.
     0 | D:1      | Reached XP level 1. HP: 22/22 MP: 1/1
   229 | D:1      | Reached XP level 2. HP: 23/29 MP: 2/2
   493 | D:1      | Found Tuufiafy's Assorted Antiques.
   789 | D:1      | Found a faded altar of an unknown god.
   793 | D:1      | Became a worshipper of Ashenzari the Shackled
   857 | D:1      | Bought a scroll labelled KEIXAMEPEO for 25 gold pieces
  1002 | D:1      | Reached XP level 3. HP: 31/36 MP: 3/3
  1100 | D:1      | Reached skill level 5 in Throwing
  1673 | D:2      | Noticed Jessica
  1675 | D:2      | Killed Jessica
  1676 | D:2      | Reached XP level 4. HP: 44/44 MP: 4/4
  1948 | D:2      | Reached * piety under Ashenzari
  2180 | D:2      | Reached skill level 6 in Throwing
  2938 | D:3      | Reached XP level 5. HP: 50/50 MP: 5/5
  2975 | D:3      | Slain by a gnoll

Illustrated notes

Levels and vault maps discovered:
D:1:      erik_arrival_cave_to_civilisation [erik_arrival_cave_to_hall],
          layout_basic, basic_ecumenical_altar, serial_shops,
          nicolae_shop_statue_plus, serial_bayou_crossing
D:2:      layout_basic, minmay_surrounded, uniq_jessica
D:3:      layout_rooms, mainiacjoe_overflow_small_starburst

Skill      XL: |  1  2  3  4 |
---------------+-------------+-----
Throwing       | 5 6 |  6.2
Fighting       | |  2.6
Dodging        | |  1.7
Stealth        | |  0.6

Action                   |  1- 3 |  4- 6 || total
-------------------------+-------+-------++-------
Melee: Short sword       |    78 |    65 ||   143
Throw: Stone             |    40 |    41 ||    81
       Large rock        |     5 |     2 ||     7
       Throwing net      |     2 |       ||     2
Invok: Curse Item        |     1 |     1 ||     2
 Stab: Sleeping          |     1 |     4 ||     5
Armor: Robe              |    19 |    12 ||    31
Dodge: Dodged            |    21 |    27 ||    48

Table legend: (Time is in decaauts)
 A = Elapsed time spent in this place.
 B = Non-inter-level travel time spent in this place.
 C = Inter-level travel time spent in this place.
 D = Time resting spent in this place.
 E = Time spent auto-exploring this place.
 F = Levels seen in this place.
 G = Mean time per level.
                   A        B        C        D        E       F      G
               +--------+--------+--------+--------+--------+-----+--------+
         Total |   2980 |   2882 |     98 |      5 |   2185 |   3 |  993.3 |
       Dungeon |   2980 |   2882 |     98 |      5 |   2185 |   3 |  993.3 |
               +--------+--------+--------+--------+--------+-----+--------+

Top non-repeatable levels by time:
     D:2: 1632 daAuts
     D:1: 1306 daAuts
     D:3: 41 daAuts
